Map: Cyber Forest LE

Players

SandboX - Winner!

  • Race: Zerg Zerg
  • Spawn Location: 11:00

axiom

  • Race: Protoss Protoss
  • League: Platinum
  • Spawn Location: 5:00

VOD

Have the link to the VOD?

Description

Time

  • Played on: Aug. 10, 2019, 1:57 p.m.
  • Length: 11:01
Show
View Real Time Build Order
Export as new Build Order

SandboX Zerg - Winner!

Build Orders: Hatch First 

Get SALT Encoding   

  12  0:01  Drone  
  13  0:15  Overlord  
  13  0:23  Drone  
  14  0:34  Drone x2  
  16  0:37  Drone  
  17  0:58  Hatchery  
  17  1:02  Drone x2  
  18  1:05  Extractor  
  17  1:20  Spawning Pool  
  17  1:22  Drone  
  17  1:24  Drone  
  18  1:36  Drone  
  19  1:46  Overlord  
  19  2:11  Zergling x6  
  19  2:13  Queen  
  19  2:14  Queen  
  27  2:15  Drone  
  27  2:19  Metabolic Boost  
  28  2:22  Drone  
  28  2:25  Drone  
  29  2:35  Drone  
  30  2:48  Hatchery  
  29  2:55  Drone x2  
  29  2:56  Drone  
  32  3:01  Drone  
  32  3:02  Drone  
  34  3:07  Overlord  
  34  3:10  Drone  
  35  3:14  Drone  
  36  3:24  Overlord  
  36  3:30  Queen  
  36  3:32  Drone x3  
  42  3:34  Drone  
  42  3:36  Drone  
  43  3:42  Roach Warren  
  42  3:55  Drone x5  
  47  4:08  Extractor  
  46  4:11  Extractor  
  45  4:22  Drone x5  
  45  4:23  Drone x4  
  54  4:43  Drone x4  
  58  4:47  Overlord x5  
  58  4:48  Overlord  
  58  4:54  Lair  
  58  5:01  Evolution Chamber  
  58  5:03  Extractor  
  58  5:04  Evolution Chamber  
  55  5:08  Extractor  
  55  5:09  Extractor  
  53  5:20  Drone x11  
  64  5:30  Zerg Ground Armor Level 1, Zerg Missile Weapons Level 1  
  64  5:51  Glial Reconstitution  
  64  5:58  Hydralisk Den  
  63  6:13  Roach x17  
  63  6:15  Overlord  
  63  6:16  Overlord  
  63  6:17  Overlord x3  
  97  6:30  Overlord x2  
  97  6:31  Overlord x2  
  95  6:43  Roach x4  
  95  6:44  Roach x2  
  100  6:51  Roach x4  
  100  6:59  Queen  
  102  7:01  Roach x2  
  102  7:11  Roach x4  
  110  7:27  Overlord x3  
  110  7:28  Overlord  
  110  7:31  Roach x4  
  110  7:34  Muscular Augments  
  118  7:52  Zerg Ground Armor Level 2, Zerg Missile Weapons Level 2  
  118  7:55  Hydralisk x3  
  124  7:59  Hydralisk x2  
  128  8:15  Overlord, Hatchery  
  127  8:26  Hydralisk x6  
  139  8:35  Overseer  
  139  8:36  Overseer  
  139  8:56  Overlord x2  
  139  8:57  Overlord x2  
  139  9:03  Hydralisk x5  
  139  9:04  Roach  
  151  9:15  Queen  
  153  9:29  Roach x7  
  167  9:31  Overlord  
  167  9:38  Drone x5  
  167  9:44  Hydralisk  
  167  9:45  Hydralisk  
  154  10:23  Roach x18  
  158  10:39  Hatchery  
  149  10:45  Infestation Pit  
Show
View Real Time Build Order
Export as new Build Order

axiom Protoss 

Build Orders: 1 Gate Expand 

Get SALT Encoding   

  12  0:03  Probe  
  13  0:13  Pylon  
  13  0:17  Probe  
  14  0:32  Gateway  
  14  0:38  Probe  
  15  0:46  Probe  
  15  0:55  Probe  
  17  1:16  Nexus  
  17  1:24  Zealot  
  17  1:30  Cybernetics Core  
  17  1:36  Probe  
  20  1:44  Assimilator  
  20  1:50  Zealot  
  20  1:52  Probe  
  23  1:59  Pylon  
  23  2:14  Pylon  
  23  2:17  Probe  
  23  2:20  Shield Battery  
  24  2:28  Gateway  
  24  2:29  Adept  
  24  2:32  Probe  
  25  2:43  Probe  
  28  2:44  Probe  
  28  2:50  Assimilator  
  29  2:56  Probe  
  30  2:58  Adept  
  30  2:59  Assimilator  
  30  3:05  Shield Battery  
  32  3:08  Warp Gate  
  32  3:12  Probe  
  33  3:20  Probe  
  33  3:21  Adept  
  33  3:25  Probe  
  37  3:30  Probe  
  37  3:32  Stalker  
  40  3:39  Probe  
  40  3:40  Assimilator  
  40  3:47  Stalker, Probe  
  41  3:53  Robotics Facility  
  42  3:57  Probe  
  45  4:07  Probe  
  45  4:08  Pylon  
  46  4:12  Gateway  
  46  4:20  Twilight Council  
  46  4:21  Probe  
  46  4:28  Stalker  
  49  4:32  Probe  
  50  4:40  Observer  
  50  4:41  Stalker  
  50  4:44  Probe  
  53  4:46  Pylon  
  53  4:52  Probe  
  54  4:59  Resonating Glaives  
  55  5:02  Probe  
  56  5:12  Stalker  
  56  5:13  Stalker  
  61  5:14  Probe  
  61  5:20  Adept  
  63  5:23  Gateway  
  63  5:24  Probe  
  64  5:32  Probe  
  64  5:41  Probe  
  65  5:43  Stalker  
  65  5:48  Nexus  
  65  5:49  Pylon  
  68  6:01  Adept  
  70  6:08  Warp Prism  
  72  6:12  Pylon  
  72  6:14  Pylon  
  72  6:16  Pylon  
  72  6:20  Stalker  
  72  6:21  Stalker x2  
  50  7:05  Immortal  
  50  7:08  Stalker x4  
  54  7:10  Assimilator  
  54  7:12  Shield Battery  
  62  7:19  Probe  
  63  7:23  Blink  
  63  7:27  Probe  
  63  7:36  Probe  
  64  7:43  Adept  
  64  7:44  Adept x3, Probe  
  74  7:53  Probe  
  74  7:57  Gateway  
  75  8:03  Probe  
  76  8:08  Immortal  
  80  8:13  Stalker x3  
  80  8:14  Stalker  
  80  8:15  Probe  
  89  8:23  Probe, Gateway  
  90  8:35  Probe, Assimilator  
  90  8:37  Sentry x4  
  99  8:48  Gateway  
  98  8:56  Adept  
  98  9:02  Immortal, Gateway  
  100  9:06  Adept x4  
  108  9:14  Charge  
  112  9:18  Templar Archives  
  112  9:26  Adept x2  
  116  9:35  Pylon  
  116  9:43  Probe  
  116  9:44  Nexus  
  117  9:45  Pylon  
  117  9:46  Pylon  
  117  9:48  Pylon  
  117  9:49  Pylon  
  117  9:53  Gateway  
  117  9:56  Sentry x2  
  117  9:57  Adept x2  
  93  10:18  Adept x4  
  93  10:19  Adept x3  
  99  10:27  Adept  
  79  10:39  Adept  
  79  10:40  Adept x6  
Tags
 
Add a new tag
Caveats
  • Supply blocks, unpowered buildings, or Contaminate may cause inaccurate times.
  • Supply counts are checked every 10 seconds.